 Dungeon Crawl Stone Soup version 0.23.0 (webtiles) character file.

Game seed: 10746123642984498433

2200 Geeful the Skirmisher (level 9, -1/86 HPs)
             Began as a Naga Warper on Feb 17, 2019.
             Was a Follower of Cheibriados.
             Slain by Prince Ribbit (10 damage)
             ... on level 7 of the Dungeon.
             The game lasted 00:40:29 (9804 turns).

Geeful the Skirmisher (Naga Warper)                 Turns: 9804, Time: 00:40:29

Health: -1/86      AC:  6    Str: 19    XL:     9   Next: 34%
Magic:  4/12       EV: 10    Int: 17    God:    Cheibriados [*.....]
Gold:   385        SH:  0    Dex: 14    Spells: 2/12 levels left

rFire    + . .     SeeInvis +   t - +10 morningstar "Eos" {elec, Halo rElec}
rCold    + . .     Gourm    .   (no shield)
rNeg     . . .     Faith    .   b - +1 leather armour
rPois    +         Spirit   .   (no helmet)
rElec    +         Reflect  .   (no cloak)
rCorr    +         Harm     .   y - +0 pair of gloves (curse)
MR       +....                  (no barding)
Stlth    +.........             (no amulet)
HPRegen  0.24/turn              c - ring of stealth
MPRegen  0.13/turn              m - +3 ring of strength

@: resistant, glowing, very slow
A: large, see invisible, deformed body, poison resistance, slowness 2, slow
metabolism 1, spit poison 1, AC +3
a: Spit Poison, Bend Time, Renounce Religion


You were on level 7 of the Dungeon.
You worshipped Cheibriados.
Cheibriados was aware of your devotion.
You were hungry.

You visited 2 branches of the dungeon, and saw 8 of its levels.

You collected 385 gold pieces.

Inventory:

Hand Weapons
 a - a +1 spear
 t - the +10 morningstar "Eos" (weapon) {elec, Halo rElec}
   (You found it on level 7 of the Dungeon)

   Occasionally, upon striking a foe, it will discharge some electrical energy
   and cause terrible harm.
   It insulates you from electricity.
 w - a +0 trident
Missiles
 e - 5 tomahawks of dispersal (quivered)
 n - 6 tomahawks
Armour
 b - a +1 leather armour (worn)
 y - a cursed +0 pair of gloves (worn)
Magical Staves
 s - an uncursed staff of poison
Jewellery
 c - a ring of stealth (left hand)
 g - an uncursed ring of stealth
 j - an uncursed ring of ice
 m - a +3 ring of strength (right hand)
 x - a +2 ring of evasion
Scrolls
 d - a scroll of blinking
 k - a scroll of fog
 l - 2 scrolls of amnesia
 q - 3 scrolls of remove curse
Potions
 i - 2 potions of mutation
 o - 2 potions of magic
 u - a potion of curing
 v - a potion of brilliance
Miscellaneous
 C - a lamp of fire (inert)
Comestibles
 f - 14 rations
 h - 3 chunks of flesh


   Skills:
 + Level 7.3 Fighting
 + Level 1.6 Maces & Flails
 - Level 7.0 Polearms
 - Level 0.8 Throwing
 - Level 1.4 Armour
 - Level 2.1 Dodging
 - Level 2.0 Spellcasting
 - Level 5.6 Translocations
 + Level 4.2 Invocations


You had 2 spell levels left.
You knew the following spells:

 Your Spells              Type           Power        Failure   Level  Hunger
a - Blink                 Tloc           N/A          3%          2    ###....
b - Shroud of Golubria    Chrm/Tloc      ##........   11%         2    ###....
c - Teleport Other        Tloc           ###.....     7%          3    ###....
d - Gell's Gravitas       Tloc           ###.......   7%          3    ###....

Your spell library contained the following spells:

 Spells                   Type           Power        Failure   Level  Hunger
 Confusing Touch          Hex            #.....       22%         1    #......
 Magic Dart               Conj           #...         22%         1    #......
 Call Imp                 Summ           #.......     34%         2    ###....
 Searing Ray              Conj           #.....       34%         2    ###....
 Slow                     Hex            #.......     34%         2    ###....
 Lesser Beckoning         Tloc           ###.......   7%          3    ###....
 Passage of Golubria      Tloc           N/A          22%         4    #####..
 Confuse                  Hex            #.......     56%         3    ###....
 Conjure Flame            Conj/Fire      #.......     56%         3    ###....
 Dazzling Spray           Conj/Hex       #.....       56%         3    ###....
 Mephitic Cloud           Conj/Pois/Air  #.......     56%         3    ###....
 Ozocubu's Armour         Chrm/Ice       #.......     56%         3    ###....
 Force Lance              Conj/Tloc      ##......     58%         4    #####..
 Fulminant Prism          Conj/Hex       #.........   92%         4    #####..
 Iskenderun's Mystic Bla  Conj           #.......     92%         4    #####..
 Petrify                  Tmut/Erth      #.......     92%         4    #####..
 Metabolic Englaciation   Hex/Ice        #.........   99%         5    ######.
 Yara's Violent Unravell  Hex/Tmut       #.........   99%         5    ######.
 Freezing Cloud           Conj/Ice/Air   #.........   100%        6    #######


Dungeon Overview and Level Annotations

Branches:
Dungeon (7/15)             Temple (1/1) D:6

Altars:
Cheibriados
Elyvilon
Fedhas
Kikubaaqudgha
Makhleb
Nemelex Xobeh
Okawaru
Qazlal
Sif Muna
Uskayaw
Vehumet
Xom
Yredelemnul
Zin
The Shining One

Annotations:
D:7 Prince Ribbit


Innate Abilities, Weirdness & Mutations

You cannot wear boots.
Your serpentine skin is tough. (AC +3)
You have supernaturally acute eyesight. (SInv)
Armour fits poorly on your strangely shaped body.
Your system is resistant to poisons. (rPois)
You cover ground very slowly.
You have a slow metabolism.
You can spit poison.


Message History

You feel slightly more hungry.
Prince Ribbit hits you but does no damage.
Okay, then.
Okay, then.
Casting: Shroud of Golubria (safe; 11% risk of failure)
Confirm with . or Enter, or press ? or * to list all spells.
Aiming: Teleport Other (safe; 7% risk of failure)
Press: ? - help, Shift-Dir - straight line, f/p - Prince Ribbit
Aim: Prince Ribbit (heavily wounded, haloed, chance to defeat MR: 41%) Prince Ribbit resists with some effort.
Prince Ribbit barely misses you.
Casting: Teleport Other (safe; 7% risk of failure)
Confirm with . or Enter, or press ? or * to list all spells.
Aiming: Teleport Other (safe; 7% risk of failure)
Press: ? - help, Shift-Dir - straight line, f/p - Prince Ribbit
Aim: Prince Ribbit (heavily wounded, haloed, chance to defeat MR: 41%) Prince Ribbit resists with some effort.
You are feeling hungry.
You have got your breath back.
Prince Ribbit hits you!
You die...

.... ......# ##..
##.....##..
....##.........
...........(...
#........... #........#
##....#..####.
##)..#Fo..... ##..@...#..
##)........
###.[...#.......
##.##.......###.#
##...............# #####
#................###..#<
##......................
#...#.............####.
......#..........>...###.


You could see Prince Ribbit and an orc.

Vanquished Creatures
  A hippogriff (D:6)
  A hungry ghost (D:7)
  2 orc warriors
  A slave (D:7)
  3 ogres
  A centaur (D:6)
  2 bullfrogs
  A water moccasin zombie (D:6)
  A scorpion (D:6)
  A killer bee (D:5)
  2 howler monkeys
  4 crimson imps (D:5)
  A quasit (D:7)
  3 hounds
  A bullfrog skeleton (D:6)
  2 orc priests (D:5)
  3 jellies
  2 orc wizards (D:5)
  A centaur skeleton (D:5)
  An iguana (D:5)
  7 worker ants
  2 killer bee zombies (D:7)
  A hound zombie (D:5)
  A worker ant zombie (D:5)
  6 gnolls
  6 adders
  A shadow imp (D:7)
  2 adder zombies
  2 worms
  5 dart slugs
  7 leopard geckos
  18 orcs
  2 ball pythons
  4 bats
  2 giant cockroaches
  5 goblins
  5 hobgoblins
  5 jackals
  4 kobolds
  3 quokkas
  A frilled lizard (D:1)
  A leopard gecko skeleton (D:4)
  3 rats
127 creatures vanquished.

Notes
Turn   | Place    | Note
-------+----------+-------------------------------------------
     0 | D:1      | Geeful the Naga Warper began the quest for the Orb.
     0 | D:1      | Reached XP level 1. HP: 19/19 MP: 3/3
   208 | D:1      | Reached skill level 1 in Armour
   434 | D:1      | Reached XP level 2. HP: 17/26 MP: 5/5
  1310 | D:2      | Reached XP level 3. HP: 33/33 MP: 6/6
  1987 | D:2      | Learned a level 2 spell: Blink
  1990 | D:2      | Learned a level 2 spell: Shroud of Golubria
  2056 | D:2      | HP: 1/33 [gnoll (8)]
  2058 | D:2      | Reached XP level 4. HP: 2/40 MP: 7/7
  3241 | D:3      | Found a sparkling altar of Nemelex Xobeh.
  3329 | D:4      | Noticed a phantom
  3405 | D:4      | Reached XP level 5. HP: 43/49 MP: 8/8
  3414 | D:4      | Learned a level 3 spell: Teleport Other
  3610 | D:4      | Noticed an ogre
  3624 | D:4      | Killed an ogre
  3624 | D:4      | Reached XP level 6. HP: 40/57 MP: 7/9
  4076 | D:5      | Entered Level 5 of the Dungeon
  4594 | D:5      | Reached XP level 7. HP: 53/66 MP: 10/10
  5971 | D:5      | Reached skill level 5 in Translocations
  6022 | D:5      | Reached skill level 5 in Fighting
  6022 | D:5      | Reached skill level 5 in Polearms
  6264 | D:5      | Reached XP level 8. HP: 57/74 MP: 8/11
  6414 | D:5      | Learned a level 3 spell: Gell's Gravitas
  6579 | D:6      | Noticed a hippogriff
  7767 | D:6      | Found an ancient bone altar of Kikubaaqudgha.
  7908 | D:6      | Found a staircase to the Ecumenical Temple.
  7923 | Temple   | Entered the Ecumenical Temple
  7965 | Temple   | Became a worshipper of Cheibriados the Contemplative
  8038 | D:6      | HP: 1/76 [orc warrior/+0 scimitar (12)]
  8040 | D:6      | Reached skill level 1 in Invocations
  8261 | D:6      | Killed a hippogriff
  8643 | D:6      | Identified Urrionuq's Handbook of Glacial Orientation
  8881 | D:6      | Reached XP level 9. HP: 82/85 MP: 12/12
  9084 | D:6      | HP: 4/86 [poisoned by a water moccasin]
  9092 | D:6      | HP: 4/86 [poisoned by a water moccasin]
  9657 | D:7      | Found the +10 morningstar "Eos" {elec, Halo rElec}
  9704 | D:7      | Reached * piety under Cheibriados
  9712 | D:7      | Reached skill level 1 in Maces & Flails
  9786 | D:7      | Noticed Prince Ribbit
  9804 | D:7      | Slain by Prince Ribbit

Skill      XL: |  1  2  3  4  5  6  7  8  9 |
---------------+----------------------------+-----
Armour         | 1 |  1.4
Dodging        | 2 |  2.1
Fighting       | 3 4 5 6 7 |  7.3
Polearms       | 3 4 5 6 7 |  7.0
Translocations | 4 5 |  5.6
Invocations    | 2 4 |  4.2
Maces & Flails | 1 |  1.6
Throwing       | |  0.8
Spellcasting   | |  2.0

Action                   |  1- 3 |  4- 6 |  7- 9 || total
-------------------------+-------+-------+-------++-------
Melee: Spear             |   124 |   132 |       ||   256
       Trident           |       |    12 |   337 ||   349
       Morningstar       |       |       |    18 ||    18
Throw: Throwing net      |       |       |     2 ||     2
 Cast: Shroud of Golubri |       |     1 |     4 ||     5
       Blink             |       |       |     7 ||     7
       Teleport Other    |       |       |     2 ||     2
Invok: Bend Time         |       |       |     5 ||     5
 Abil: Spit Poison       |     6 |    15 |    27 ||    48
Evoke: Lamp of fire      |       |       |     1 ||     1
  Use: Scroll            |     5 |     5 |    13 ||    23
       Potion            |     2 |       |     6 ||     8
 Stab: Sleeping          |     1 |     3 |     5 ||     9
       Held in net/web   |       |       |     1 ||     1
  Eat: Chunk             |     3 |     7 |     7 ||    17
       Ration            |       |       |     3 ||     3
Armor: Leather armour    |    17 |    19 |   121 ||   157
Dodge: Dodged            |    34 |    45 |   199 ||   278
